 Dungeon Crawl Stone Soup version 0.30-a0-358-g0d69a1922f (webtiles) character file.

Game seed: 17856672109549397692

19 Maxmaps the Trooper (level 2, -1/32 HPs)
             Began as an Ogre Monk on Nov 8, 2022.
             Slain by an orc wizard
             ... wielding a +3 dagger
              (2 damage)
             ... on level 2 of the Dungeon.
             The game lasted 00:00:44 (423 turns).

Maxmaps the Trooper (Ogre Monk)                      Turns: 423, Time: 00:00:44

Health: -1/32      AC:  3    Str: 14    XL:     2   Next: 75%
Magic:  2/2        EV: 10    Int: 11    God:
Gold:   52         SH:  0    Dex: 11    Spells: 1/1 levels left

rFire   . . .      SeeInvis .    a - +0 mace
rCold   . . .      Faith    .    (no shield)
rNeg    . . .      Spirit   .    b - +0 robe
rPois   .          Reflect  .    (helmet restricted)
rElec   .          Harm     .    (no cloak)
rCorr   .          Rampage  .    (gloves unavailable)
Will    .....                    (boots unavailable)
Stlth   ++........               (no amulet)
HPRegen 0.25/turn                (no ring)
MPRegen 0.08/turn                (no ring)

@: no status effects
A: large, unfitting armour, tough skin 1
a: no special abilities


You were on level 2 of the Dungeon.
You visited 1 branch of the dungeon, and saw 2 of its levels.

You collected 52 gold pieces.

Inventory:

Hand Weapons
 a - a +0 mace (weapon)
Armour
 b - a +0 robe (worn)
Scrolls
 d - a scroll of vulnerability {unknown}
 g - a scroll of fear {unknown}
Potions
 c - a potion of ambrosia
 f - a potion of curing {unknown}


   Skills:
 - Level 4.0 Fighting
 + Level 3.6 Maces & Flails
 - Level 2.6 Dodging
 - Level 1.4 Stealth


You had one spell level left.
You didn't know any spells.
Your spell library contained the following spells:

 Spells                   Type           Power      Damage    Failure   Level
 Ensorcelled Hibernation  Hex/Ice        0%         N/A       47%         2
 Passwall                 Tmut/Erth      0%         N/A       47%         2
 Swiftness                Air            0%         N/A       71%         3


Dungeon Overview and Level Annotations

Branches:
Dungeon (2/15)

Altars:


Innate Abilities, Weirdness & Mutations

You are too large for most types of armour.
You have tough skin. (AC +1)


Message History

You miss the orc wizard.
The orc wizard is moderately wounded.
The orc wizard hits you but does no damage.
You hit the orc wizard.
The orc wizard is moderately wounded.
The orc wizard casts a spell at you.
You are more confused.
You closely miss the orc wizard.
You punch the orc wizard, but do no damage.
The orc wizard is moderately wounded.
The orc wizard hits you but does no damage.
You attack the rock wall.
Your transformation is almost over.
The orc wizard casts a spell.
The orc wizard flickers and vanishes!
Deactivating autopickup; reactivate with Ctrl-A.
You hear some strange, mumbled words.
A magic dart appears from out of thin air!
The magic dart hits you.
You nearly hit yourself!
Something hits you.
You attack the rock wall.
You hear some strange, mumbled words.
A magic dart appears from out of thin air!
The magic dart hits you but does no damage.
You attack the rock wall.
Something hits you but does no damage.
You miss something. Something hits you.
You swing at nothing.
You feel less confused. Something hits you. x2
You barely miss something. Something hits you but does no damage.
You miss something.
You feel less wooden.
Your +0 robe unmelds from your body.
Something hits you.
* * * LOW HITPOINT WARNING * * *
You hit something. Something hits you.
* * * LOW HITPOINT WARNING * * *
You barely miss something. Something completely misses you. Something hits you.
* * * LOW HITPOINT WARNING * * *
Something hits you.
You die...

#.# #o# #o#####
##S#...
####....####
#.S.........
##### #<...#
......###.#.##..
#$)@{o.......
#.#####.##... #
.# . ##


You could see an orc.

Vanquished Creatures
  A worm (D:2)
  A dart slug (D:1)
  A ball python (D:2)
  3 endoplasms (D:1)
  A goblin (D:1)
  2 hobgoblins (D:1)
  A kobold (D:2)
  2 frilled lizards (D:1)
  A rat (D:1)
13 creatures vanquished.

Notes
Turn   | Place    | Note
-------+----------+-------------------------------------------
     0 | D:1      | Maxmaps the Ogre Monk began the quest for the Orb.
     0 | D:1      | Reached XP level 1. HP: 24/24 MP: 1/1
   127 | D:1      | Reached XP level 2. HP: 30/32 MP: 2/2
   422 | D:2      | HP: 1/32 [something (3)]
   423 | D:2      | Slain by an orc wizard

Illustrated notes

Levels and vault maps discovered:
D:1:      matt_arrival_grand_opening, layout_rooms
D:2:      layout_loops_ring, basic_altar, hellmonk_ecumenical_altar_run_dry,
          uniq_natasha

Skill      XL: |  1 |
---------------+----+-----
Maces & Flails | 3 |  3.6
Fighting       | |  4.0
Dodging        | |  2.6
Stealth        | |  1.4

Action                   || total
-------------------------++-------
Melee: Mace              ||    58
       Punch             ||     1
  Use: Potion            ||     2
 Stab: Sleeping          ||     3
Armor: Robe              ||     4
       Skin              ||    32
Dodge: Dodged            ||    11

Table legend: (Time is in decaauts)
 A = Elapsed time spent in this place.
 B = Non-inter-level travel time spent in this place.
 C = Inter-level travel time spent in this place.
 D = Time resting spent in this place.
 E = Time spent auto-exploring this place.
 F = Levels seen in this place.
 G = Mean time per level.
                   A        B        C        D        E       F      G
               +--------+--------+--------+--------+--------+-----+--------+
         Total |    438 |    424 |     14 |      0 |    293 |   2 |  219.0 |
       Dungeon |    438 |    424 |     14 |      0 |    293 |   2 |  219.0 |
               +--------+--------+--------+--------+--------+-----+--------+

Top non-repeatable levels by time:
     D:1: 367 daAuts
     D:2: 70 daAuts
